Map: Acropolis LE

Players

닉없음 - Winner!

  • Race: Terran Terran
  • League: Master
  • Spawn Location: 5:00

Cerdoken

  • Race: Zerg Zerg
  • League: Diamond
  • Spawn Location: 11:00

VOD

Have the link to the VOD?

Description

Time

  • Played on: July 3, 2019, 2:43 p.m.
  • Length: 17:37
Show
View Real Time Build Order
Export as new Build Order

닉없음 Terran - Winner!

Build Orders: Reaper Expand 

Get SALT Encoding   

  12  0:00  SCV  
  13  0:13  SCV  
  14  0:17  Supply Depot  
  14  0:25  SCV  
  15  0:39  SCV  
  15  0:40  Barracks  
  16  0:43  Refinery  
  16  0:51  SCV  
  17  1:06  SCV  
  18  1:19  SCV  
  19  1:29  Reaper  
  19  1:31  Orbital Command  
  20  1:39  Command Center  
  20  1:49  Supply Depot  
  20  1:57  SCV  
  21  2:02  Marine  
  22  2:09  SCV  
  22  2:12  Factory  
  23  2:21  Refinery, SCV  
  23  2:22  Barracks Reactor  
  24  2:33  SCV  
  25  2:45  SCV  
  26  2:51  Orbital Command  
  26  2:57  Starport  
  26  3:02  SCV  
  27  3:07  Hellion x2  
  27  3:12  Barracks Tech Lab  
  31  3:14  SCV  
  31  3:18  SCV  
  33  3:26  SCV  
  34  3:29  Hellion x2  
  34  3:30  SCV  
  39  3:37  Supply Depot  
  39  3:38  SCV, Viking  
  42  3:42  Stimpack, SCV  
  43  3:51  SCV  
  43  3:54  SCV  
  43  3:55  Barracks  
  45  3:59  Factory Tech Lab  
  45  4:02  Barracks  
  45  4:03  SCV  
  45  4:06  SCV  
  47  4:12  Supply Depot  
  47  4:15  SCV  
  47  4:17  Starport Reactor  
  48  4:18  SCV  
  48  4:19  Siege Tank  
  52  4:24  Engineering Bay  
  52  4:26  Supply Depot  
  52  4:27  SCV  
  53  4:34  SCV  
  54  4:39  Refinery, SCV  
  55  4:47  SCV  
  55  4:50  Command Center  
  55  4:51  SCV  
  57  4:54  Siege Tank  
  57  4:59  Starport Reactor, SCV  
  61  5:03  Marine x3  
  61  5:04  SCV  
  65  5:08  Supply Depot  
  65  5:09  Supply Depot  
  65  5:11  SCV  
  66  5:19  Marine x2  
  66  5:21  Marine  
  69  5:26  Terran Infantry Weapons Level 1  
  69  5:27  Barracks  
  69  5:28  Barracks, SCV  
  70  5:30  Supply Depot  
  70  5:31  Refinery, Supply Depot  
  70  5:34  SCV  
  69  5:40  SCV  
  66  5:52  SCV x2  
  66  5:53  Combat Shield  
  66  5:54  Medivac x2  
  66  5:55  Marine x3  
  66  5:56  Marine  
  72  6:02  Supply Depot  
  72  6:03  Supply Depot  
  72  6:04  SCV, Orbital Command  
  72  6:06  Marine  
  74  6:13  Marine  
  74  6:18  Barracks Tech Lab, Marine x2, Barracks Reactor  
  77  6:20  Siege Tank  
  77  6:21  Marine  
  77  6:24  Medivac, Marine  
  84  6:31  Marine  
  85  6:33  SCV x2  
  85  6:34  Orbital Command  
  85  6:35  Marine  
  85  6:36  Marine  
  89  6:41  Marine x2  
  89  6:42  Concussive Shells  
  89  6:43  Marine  
  89  6:45  SCV x2  
  93  6:47  Supply Depot  
  93  6:49  Marine  
  93  6:53  Marine  
  89  7:10  Marine x6  
  89  7:11  Medivac x2, Marine  
  98  7:22  Terran Infantry Armor Level 1  
  96  7:23  Marine  
  96  7:24  SCV  
  96  7:25  SCV x2  
  96  7:26  Armory, Engineering Bay  
  96  7:28  Marine  
  96  7:29  Marauder  
  103  7:36  SCV  
  103  7:37  SCV x2  
  104  7:45  Medivac, Marine x4  
  104  7:46  Medivac  
  104  7:50  Marine x4  
  116  8:03  Marine x4  
  120  8:08  Marine x3  
  120  8:09  Marauder  
  125  8:20  Marine x2  
  125  8:21  Marine x2  
  125  8:24  Siege Tank  
  125  8:25  Marine  
  125  8:26  Marine x2  
  125  8:27  Terran Infantry Weapons Level 2  
  135  8:28  Barracks  
  135  8:29  Barracks, Marine  
  135  8:31  SCV  
  137  8:38  Marine x3  
  137  8:39  Marine  
  141  8:47  Marine x4  
  130  8:56  Marine x4  
  130  8:57  Medivac x2  
  130  9:03  SCV x2  
  130  9:04  Supply Depot, Marine  
  130  9:05  Supply Depot, Sensor Tower, Marine x3  
  130  9:06  Command Center  
  131  9:14  Marine x3  
  127  9:17  Marine x3  
  127  9:23  Marauder x2  
  129  9:27  Marine  
  129  9:28  Marine  
  130  9:32  Marine x3  
  131  9:44  Marine x3  
  131  9:45  Marine x2  
  136  9:46  Barracks Tech Lab, Barracks Reactor  
  136  9:48  Terran Infantry Armor Level 2  
  136  9:49  SCV x3, Marine  
  136  9:50  Marine x2  
  136  9:51  Thor  
  147  10:01  SCV, Marine  
  147  10:03  Marauder x2, Marine x2  
  137  10:07  Marine x3  
  137  10:09  Marine  
  127  10:19  Marine  
  127  10:21  Marine x2  
  123  10:24  Marauder x2  
  123  10:25  Marine x3  
  123  10:27  Marine  
  132  10:30  Marine  
  132  10:31  Marine  
  132  10:32  Medivac x2  
  134  10:37  Marine  
  134  10:39  Marine x2  
  135  10:43  Marine x3  
  135  10:44  Marine  
  135  10:45  Marine x2  
  135  10:48  Marine x2  
  138  10:51  Thor  
  138  10:55  Marine  
  138  10:56  Marine  
  138  10:57  Marine  
  143  11:01  Marine x3  
  143  11:03  Marauder, Marine x2  
  151  11:06  Marine x2  
  151  11:07  Terran Infantry Weapons Level 3  
  145  11:13  Marine  
  146  11:23  Marine x6  
  146  11:24  Marauder x2, Terran Vehicle And Ship Armor Level 1  
  156  11:26  Ghost Academy, SCV  
  156  11:31  Refinery  
  156  11:32  Supply Depot x2  
  157  11:33  Supply Depot  
  157  11:34  Refinery x2, Supply Depot  
  157  11:35  Refinery  
  133  12:03  Marine x5  
  133  12:04  Marauder x3, Medivac, Marine x3  
  133  12:05  Medivac  
  151  12:21  Marine  
  152  12:25  Marauder  
  152  12:26  Marauder  
  152  12:27  Marine x5  
  152  12:28  Marauder, Marine x2  
  165  12:32  Supply Depot  
  164  12:39  Marine  
  154  12:45  Marine x7  
  154  12:47  Marauder x2  
  154  12:50  Marauder  
  154  12:51  Medivac x2  
  137  12:56  Marine  
  137  13:02  Marine, Planetary Fortress  
  137  13:03  Marine x6  
  137  13:04  Missile Turret  
  144  13:08  Marauder x2  
  144  13:11  Marauder  
  150  13:14  Marine  
  149  13:20  Marine  
  149  13:26  Marine x2  
  149  13:27  Medivac x2, Marine x4  
  149  13:30  Marauder x2, Thor  
  149  13:32  Marauder  
  169  13:35  Missile Turret  
  169  13:37  SCV  
  169  13:38  SCV x2  
  172  13:45  Factory  
  172  13:46  Factory  
  172  13:47  Terran Vehicle And Ship Armor Level 2  
  172  13:50  SCV  
  161  13:56  Marine x3  
  161  13:57  Marine x6  
  169  14:19  Marine x7  
  169  14:20  Marauder x2  
  169  14:23  Command Center  
  180  14:40  Marine x2  
  180  14:41  Marauder, Marine x3  
  180  14:43  Marine  
  180  14:44  Marine x3  
  180  14:45  Missile Turret  
  190  14:53  Marine  
  190  14:58  Marine x3  
  190  14:59  Marine  
  191  15:02  Marauder  
  191  15:03  Marauder  
  176  15:07  Marine x2  
  176  15:08  Marine x2  
  176  15:11  Marine  
  179  15:16  Marine x4  
  183  15:21  Ghost Academy  
  183  15:22  Personal Cloaking  
  183  15:24  Marauder  
  185  15:39  Marine x5  
  185  15:40  Marauder, Marine x4  
  196  15:56  Marauder  
  197  15:58  Marauder  
  197  16:02  Marauder  
  194  16:14  Command Center  
  194  16:17  Ghost  
  196  16:19  Ghost  
  198  16:27  Marauder  
  193  16:48  Nuke  
  179  17:04  Marauder x2  
  179  17:05  Ghost  
  179  17:07  Marine x2  
  181  17:11  Factory Reactor, Factory Tech Lab  
Show
View Real Time Build Order
Export as new Build Order

Cerdoken Zerg 

Build Orders: Hatch First, Muta Ling Bane 

Get SALT Encoding   

  12  0:00  Drone  
  13  0:12  Overlord  
  13  0:16  Drone  
  14  0:30  Drone x2  
  16  0:47  Hatchery  
  15  0:51  Drone  
  15  0:54  Drone  
  17  0:57  Drone  
  18  1:08  Extractor  
  17  1:13  Spawning Pool  
  17  1:15  Drone  
  17  1:19  Drone  
  18  1:28  Drone  
  19  1:42  Drone  
  20  1:49  Overlord  
  20  2:00  Queen x2  
  20  2:01  Zergling x4  
  26  2:16  Hatchery  
  25  2:24  Drone x2  
  27  2:36  Drone x4  
  31  2:40  Metabolic Boost  
  31  2:46  Queen  
  33  2:52  Drone x2  
  33  2:56  Overlord  
  35  3:06  Drone  
  36  3:13  Overlord  
  36  3:14  Queen  
  36  3:15  Drone x2  
  36  3:16  Drone  
  41  3:29  Drone x5  
  41  3:31  Queen  
  48  3:40  Queen  
  50  3:52  Baneling Nest  
  50  3:54  Overlord x2  
  49  3:57  Queen  
  49  4:01  Drone x6  
  57  4:03  Overlord  
  57  4:19  Drone x2  
  57  4:22  Drone x3  
  57  4:23  Drone x3  
  65  4:31  Overlord x2  
  65  4:33  Drone x6  
  71  4:40  Evolution Chamber  
  71  4:42  Evolution Chamber  
  69  4:49  Extractor  
  69  4:50  Extractor  
  69  4:51  Extractor  
  69  4:52  Extractor  
  65  4:53  Extractor  
  65  4:54  Drone x3  
  65  4:55  Drone x3  
  65  4:56  Drone x3  
  65  4:58  Drone x2  
  75  5:02  Lair  
  75  5:03  Hatchery, Drone  
  75  5:04  Drone  
  75  5:06  Zergling x2, Drone  
  78  5:07  Zergling x2  
  79  5:33  Drone  
  80  5:36  Zerg Ground Armor Level 1, Zerg Melee Weapons Level 1  
  73  5:43  Drone x12  
  79  5:54  Drone  
  79  5:55  Drone x2  
  81  6:04  Centrifical Hooks  
  81  6:05  Spire  
  81  6:10  Drone  
  81  6:11  Drone x3  
  84  6:13  Drone x5  
  84  6:14  Overlord x2  
  84  6:16  Queen  
  91  6:34  Drone x3  
  91  6:36  Zergling x22  
  103  6:40  Queen  
  103  6:42  Hatchery  
  104  6:59  Zergling x14  
  108  7:07  Zergling x22  
  111  7:14  Zergling x4  
  111  7:15  Zergling x2  
  107  7:23  Baneling x3  
  107  7:24  Baneling x4, Zergling x6  
  107  7:27  Zerg Flyer Weapons Level 1  
  110  7:31  Zergling x4  
  106  7:44  Queen  
  106  7:45  Drone x3  
  106  7:49  Zerg Ground Armor Level 2, Zerg Melee Weapons Level 2  
  111  7:52  Overlord x7  
  111  7:54  Pneumatized Carapace  
  111  8:00  Baneling x4  
  111  8:07  Zergling x12  
  111  8:19  Mutalisk  
  108  8:20  Mutalisk x9  
  108  8:22  Zergling x6  
  131  8:40  Zergling x26  
  130  8:52  Zergling x14  
  127  9:00  Zergling x6  
  127  9:01  Zergling x28  
  134  9:04  Queen  
  127  9:13  Drone x5  
  129  9:21  Baneling x10  
  129  9:22  Drone x4  
  131  9:29  Mutalisk  
  131  9:30  Mutalisk x4  
  135  9:34  Hatchery  
  134  9:49  Drone x4  
  138  9:55  Zergling x2  
  138  9:56  Zergling x26  
  138  9:57  Hatchery  
  147  10:07  Mutalisk x5  
  129  10:16  Zergling x12  
  129  10:18  Baneling x10  
  130  10:21  Zerg Flyer Weapons Level 2  
  130  10:25  Zergling x18  
  130  10:26  Infestation Pit  
  128  10:31  Zergling x8  
  123  10:38  Zergling x2  
  123  10:39  Zergling x4  
  123  10:40  Zergling x4  
  120  10:53  Mutalisk x11  
  137  11:10  Hatchery  
  124  11:16  Hive  
  122  11:19  Zergling x28  
  122  11:23  Infestor  
  122  11:24  Drone x3  
  141  11:37  Baneling  
  141  11:38  Baneling x7, Zergling x16  
  149  11:42  Baneling  
  149  11:47  Zergling x14  
  145  11:55  Zergling x2  
  145  11:56  Zergling x12  
  136  12:09  Zergling x20  
  136  12:10  Zergling x4  
  136  12:11  Baneling x2  
  136  12:12  Baneling x3  
  136  12:13  Baneling  
  148  12:25  Queen  
  148  12:26  Zergling x10  
  130  12:46  Mutalisk x9  
  136  13:05  Zergling x4  
  136  13:06  Zergling x32  
  153  13:20  Ultralisk Cavern  
  153  13:23  Adrenal Glands  
  153  13:25  Zerg Melee Weapons Level 3, Zerg Ground Armor Level 3  
  152  13:29  Extractor x2, Drone x2  
  152  13:30  Drone  
  149  13:54  Zergling x36  
  113  14:10  Chitinous Plating  
  113  14:15  Baneling x8  
  113  14:17  Baneling x7  
  113  14:18  Baneling x6  
  113  14:19  Zergling x10  
  119  14:29  Zergling x10  
  119  14:30  Zergling x6  
  116  14:40  Zergling x18  
  122  14:56  Hatchery  
  115  15:05  Zergling x20  
  80  15:27  Ultralisk  
  86  15:34  Ultralisk  
  87  15:52  Anabolic Synthesis  
  87  15:56  Ultralisk  
  91  16:13  Drone x5  
  91  16:14  Drone  
  97  16:29  Drone x3  
  97  16:30  Drone x3  
  103  16:40  Drone x5  
  103  16:46  Queen  
  95  17:03  Drone x8  
Tags
 
Add a new tag
Caveats
  • Supply blocks, unpowered buildings, or Contaminate may cause inaccurate times.
  • Supply counts are checked every 10 seconds.